 Dungeon Crawl Stone Soup version 0.18-a0-1243-g9e52518 (webtiles) character file.

632165 M4edhros the Hoplite (level 27, -11/174 HPs)
             Began as an Octopode Artificer on Feb 3, 2016.
             Was a High Priest of Fedhas.
             Splashed with acid (13 damage)
             ... on level 7 of Gehenna on Feb 5, 2016.
             The game lasted 06:21:51 (63279 turns).

M4edhros the Hoplite (Octopode Artificer)          Turns: 63279, Time: 06:21:51

Health: -11/174    AC:  8    Str: 17    XL:     27
Magic:  26/43      EV: 33    Int: 38    God:    Fedhas [*****.]
Gold:   3333       SH: 32    Dex: 23    Spells: 13 memorised, 5 levels left

rFire  + + +     SeeInvis +     V - +7 eveningstar of Hahyukho {flame, rC+}
rCold  + + .     Gourm    .     t - +9 large shield of Oviwiv {rElec Dex+3 Slay+3}
rNeg   . . .     Faith    .     S - +2 hat {Int+3}
rPois  +         Spirit   .     m - amulet of the Amoeba {rC+ Regen+ Dex+3 Slay+3}
rElec  +         Dismiss  .     C - ring of protection from fire
rCorr  .         Reflect  .     r - +4 ring of protection
SustAt +         Harm     .     Q - ring of Qeadual {rC+ Int+5 SInv Stlth-}
MR     ++++.     Rnd*Tele +     E - +6 ring of strength
Stlth  ++++......               v - +3 ring of evasion
                                N - +4 ring of protection
                                s - ring of Fax Fyaj {SustAt Int+2 Slay+3}
                                R - ring "Rehez" {Fire +Fly Int+2}

@: mighty, agile, exhausted, swift, about to teleport, corroded equipment,
heavily contaminated, hasted and slowed, glowing, very quick, incredibly
resistant to hostile enchantments, stealthy
A: almost no armour, amphibious, 8 rings, constrict 8, beak, repulsion field 1,
molten scales 1, camouflage 1, clumsy 1, fire resistance 1, magic resistance 2,
poison resistance, teleportitis 1, weak 2, gelatinous body 1, subdued magic 1
a: Evolution, Sunlight, Growth, Reproduction, Rain, Renounce Religion, Evoke
Flight
}: 4/15 runes: barnacled, slimy, silver, gossamer


You were on level 7 of Gehenna.
You worshipped Fedhas.
Fedhas was extremely pleased with you.
You were very hungry.

You visited 12 branches of the dungeon, and saw 61 of its levels.
You visited the Abyss 1 time.
You also visited: Ice Cave.

You collected 6150 gold pieces.
You spent 2817 gold pieces at shops.

Inventory:

Hand Weapons
 i - a +9 greatsling of venom
 V - the +7 eveningstar of Hahyukho (weapon) {flame, rC+}
   (You found it on level 1 of the Lair of Beasts)

   It has been specially enchanted to burn those struck by it, causing extra
   injury to most foes and up to half again as much damage against particularly
   susceptible opponents.
   It protects you from cold.
Missiles
 c - 46 steel sling bullets
 e - 1640 stones (quivered)
 j - 402 sling bullets
Armour
 t - the +9 large shield of Oviwiv (worn) {rElec Dex+3 Slay+3}
   (You found it on level 6 of the Pits of Slime)

   It affects your dexterity (+3).
   It affects your accuracy and damage with ranged weapons and melee attacks
   (+3).
   It insulates you from electricity.
 S - a +2 hat of intelligence (worn)
Magical Staves
 W - an uncursed staff of energy
Rods
 z - a +9 rod of the swarm (15/15)
   (You found it on level 5 of the Vaults)
 B - a +9 rod of clouds (17/17)
   (You acquired it on level 7 of the Dungeon)
 M - a +9 rod of ignition (12/12)
   (You found it on level 6 of the Pits of Slime)
Jewellery
 m - the amulet of the Amoeba (around mantle) {rC+ Regen+ Dex+3 Slay+3}
   (You took it off a deep elf death mage on level 3 of the Elven Halls)

   [amulet of regeneration]

   It affects your dexterity (+3).
   It affects your accuracy and damage with ranged weapons and melee attacks
   (+3).
   It protects you from cold.
   It increases your rate of regeneration.
 r - a +4 ring of protection (right tentacle)
 s - the ring of Fax Fyaj (on tentacle) {SustAt Int+2 Slay+3}
   (You found it on level 4 of the Depths)

   [ring of sustain attributes]

   It sustains your strength, intelligence and dexterity.
   It affects your intelligence (+2).
   It affects your accuracy and damage with ranged weapons and melee attacks
   (+3).
 v - a +3 ring of evasion (on tentacle)
 C - a ring of protection from fire (left tentacle)
 E - a +6 ring of strength (on tentacle)
 J - a +5 ring of intelligence
 N - a +4 ring of protection (on tentacle)
 Q - the ring of Qeadual (on tentacle) {rC+ Int+5 SInv Stlth-}
   (You took it off a vault guard on level 5 of the Vaults)

   [ring of protection from cold]

   It affects your intelligence (+5).
   It protects you from cold.
   It lets you see invisible.
   It makes you less stealthy.
 R - the ring "Rehez" (on tentacle) {Fire +Fly Int+2}
   (You found it on level 3 of the Lair of Beasts)

   [ring of fire]

   It enhances your fire magic, and weakens your ice magic.
   It affects your intelligence (+2).
   It protects you from fire.
   It makes you vulnerable to cold.
   It lets you fly.
Wands
 a - a wand of heal wounds (0/9)
 d - a wand of digging (7/24)
 h - a wand of teleportation (3/9)
 U - a wand of acid (4/15)
 X - a wand of teleportation (4/9)
Scrolls
 g - 5 scrolls of fog
 l - 2 scrolls of teleportation
 G - 2 scrolls of fear
 Z - 5 scrolls of magic mapping
Potions
 n - 7 potions of curing
 w - 2 potions of agility
 K - 5 potions of berserk rage
 L - a potion of invisibility
 O - 7 potions of might
Miscellaneous
 b - a lamp of fire
 p - 2 phantom mirrors
 q - the horn of Geryon (inert)
 x - a box of beasts {used: 12}
 y - a phial of floods (inert)
 F - a disc of storms
 H - a fan of gales (inert)
 P - a stone of tremors
 Y - a box of beasts
Comestibles
 f - 17 bread rations
 k - a beef jerky
 o - 47 fruits


   Skills:
 - Level 11.0 Fighting
   Level 1.0 Short Blades
 - Level 11.2 Maces & Flails
 - Level 15.4 Slings
 - Level 11.5 Dodging
 - Level 16.1 Stealth
 - Level 21.9 Shields
 - Level 16.0 Spellcasting
 - Level 5.0 Conjurations
 - Level 4.0 Hexes
 - Level 11.4 Charms
 - Level 3.0 Summonings
 - Level 3.3 Necromancy
 - Level 10.0 Transmutations
 - Level 10.8 Air Magic
 - Level 15.3 Earth Magic
 - Level 18.0 Invocations
 + Level 15.0 Evocations


You had 5 spell levels left.
You knew the following spells:

 Your Spells              Type           Power        Failure   Level  Hunger
a - Swiftness             Chrm/Air       ######..     0%          2    None
b - Deflect Missiles      Chrm/Air       ######....   1%          6    None
c - Haste                 Chrm           ######..     1%          6    None
d - Silence               Hex/Air        ######....   1%          5    None
e - Iron Shot             Conj/Erth      ######....   1%          6    None
f - Regeneration          Chrm/Necr      ######....   1%          3    None
g - Summon Lightning Spi  Summ/Air       ######..     1%          4    None
h - Conjure Flame         Conj/Fire      #####...     1%          3    None
i - Statue Form           Trmt/Erth      ######...    1%          6    None
j - Mephitic Cloud        Conj/Pois/Air  #####...     1%          3    None
k - Blink                 Tloc           N/A          1%          2    None
l - Stoneskin             Trmt/Erth      ######..     0%          2    None
m - Aura of Abjuration    Summ           #####.....   7%          5    None


Dungeon Overview and Level Annotations

Branches:
Dungeon (15/15)            Temple (1/1) D:5            Lair (8/8) D:10
 Shoals (4/4) Lair:5       Spider (4/4) Lair:4        Slime (6/6) Lair:7
    Orc (2/2) D:10            Elf (3/3) Orc:2        Vaults (5/5) D:13
  Crypt (0/3) Vaults:2     Depths (5/5) D:15           Hell (1/1)
    Dis (0/7) Hell            Geh (7/7) Hell            Coc (0/7) Hell
    Tar (0/7) Hell            Zot (0/5) Depths:5

Altars:
Ashenzari
Cheibriados
Dithmenos
Elyvilon
Fedhas
Gozag
Kikubaaqudgha
Makhleb
Nemelex Xobeh
Okawaru
Pakellas
Qazlal
Ru
Sif Muna
Trog
Vehumet
Xom
Yredelemnul
Zin
The Shining One
Beogh
Lugonu

Shops:
D:5 *   D:6 %   D:7 (   D:10 [   Orc:1 %   Orc:2 :!?[   Elf:1 [   Elf:2 (
Vaults:1 %   Vaults:2 *%!*   Vaults:5 }   Depths:5 *

Portals:
Hell: Depths:1 Depths:2 Depths:3 Depths:4 Depths:5
Abyss: Depths:2 Depths:3 Depths:4
Pandemonium: Depths:3 Depths:4
Ziggurat: Depths:3

Annotations:
D:7 nublet's ghost, novice TrEE
Shoals:2 exclusion: Roxanne, Roxanne
Elf:1 exclusion: dancing weapon
Elf:2 3 runed doors
Geh:7 Asmodeus


Innate Abilities, Weirdness & Mutations

You cannot wear most types of armour.
You are amphibious.
You can wear up to eight rings at the same time.
You can use your tentacles to constrict eight enemies at once.
Your skin changes colour to match your surroundings (Stealth).
Your rubbery body absorbs attacks (AC +1).
You have a beak for a mouth.
You are surrounded by a mild repulsion field (EV +2).
You are partially covered in molten scales (AC +1).
You are clumsy. (Dex -2)
Your flesh is heat resistant.
You are highly resistant to hostile enchantments.
Your system is resistant to poisons.
You are occasionally teleported next to monsters.
You are very weak. (Str -4)
Your spells are a little easier to cast, but a little less powerful.


Message History

Read which item? (? for menu, Esc to quit)
Okay, then.
Evoke which item? (* to show all) (? for menu, Esc to quit)
Okay, then.
Read which item? (? for menu, Esc to quit)
Okay, then.
Read which item? (? for menu, Esc to quit)
As you read the scroll of teleportation, it crumbles to dust.
You feel strangely unstable.
Casting: Haste
Confirm with . or Enter, or press ? or * to list all spells.
You feel quick.
The hell hound barks! x2
The sun demon closely misses your air elemental. x2
Your body shudders with the violent release of wild energies!
The magical storm engulfs you!
* * * LOW HITPOINT WARNING * * *
The acid corrodes you!
The acid burns!
You die...
Fedhas appreciates your contribution to the ecosystem.

#*§§≈≈≈≈≈≈≈≈§§###.......###§≈§§≈≈
##§§≈≈≈§§§§≈≈≈#...........#≈≈≈§≈≈
##§≈§§≈≈##≈≈≈≈§..)##.##...'≈2≈≈*≈
##≈§§≈≈§##§≈≈≈#...........#≈≈.≈≈*
##§≈≈≈≈≈§§≈≈§≈#......h....#≈§≈§≈≈
##≈≈§§≈§≈§§§≈≈'.h.##h##...'≈§§≈,≈
..§≈§§§2§E§≈E§##9......).##≈§§.,,
3....§§&§3..§3§#'#'#'#)#)#.§...,,
§§h...§§3...§3EE@........'..§.§≈≈
§§§≈≈≈§§≈≈≈§≈≈≈###########≈≈≈§§≈≈
###################*******#*###**
####################*******#**#**


You could see 2 sun demons, a molten gargoyle, 3 hell hounds and 2 friendly air
elementals.

Vanquished Creatures
  the Royal Jelly (Slime:6)
  An ancient lich (Vaults:5)
  A greater mummy (Depths:2)
  Sojobo (Vaults:5)
  Saint Roka (Vaults:3)
  Margery (Vaults:3)
  Norris (Depths:2)
  A caustic shrike (Depths:4)
  Geryon (Hell)
  4 golden dragons
  A bone dragon (Geh:5)
  Xtahua (Depths:5)
  the Enchantress (Depths:2)
  Jory (Vaults:5)
  The ghost of Vojta the Merry Spriggan, a veteran SpGl of Zin (Vaults:5)
  10 Brimstone Fiends
  4 tentacled monstrosities
  4 liches
  3 deep elf master archers (Elf:3)
  2 deep elf blademasters (Elf:3)
  2 quicksilver dragons
  Murray (Hell)
  Polyphemus (Shoals:2)
  25 acid blobs
  Frances (D:12)
  3 titans (Vaults:5)
  7 sphinxes
  5 tengu reavers
  An eldritch tentacle (Geh:3)
  Gastronok (Lair:1)
  Kirke (Shoals:2)
  4 shadow dragons
  5 storm dragons
  Ilsuiw (Shoals:4)
  8 fire giants
  5 frost giants
  2 orc warlords
  Wiglaf (Vaults:5)
  10 azure jellies
  An iron dragon (Hell)
  The ghost of M4edhros the Prestidigitator, an adept OpAr of Fedhas (Elf:3)
  Aizul (Depths:2)
  11 vault wardens
  3 emperor scorpions
  9 balrugs
  14 deep elf sorcerers
  A draconian scorcher (Depths:5)
  2 large abominations (Vaults:5)
  Louise (Depths:2)
  6 deep elf elementalists
  8 ghost moths
  11 reapers
  A ghoul (Vaults:1)
  A war gargoyle (Vaults:5)
  A spriggan defender (Depths:2)
  15 ironheart preservers
  A draconian annihilator (Depths:5)
  12 salamander stormcallers
  16 stone giants
  12 very ugly things
  3 green draconians (Depths:5)
  Nessos (Lair:5)
  A white draconian (Depths:5)
  Azrael (Spider:1)
  7 deep elf annihilators
  3 deep elf demonologists
  A purple draconian (Depths:5)
  A black draconian (Depths:5)
  A lorocyproca (Hell)
  A mottled draconian (Depths:5)
  7 spark wasps
  A yellow draconian (Depths:5)
  5 merfolk javelineers (Shoals:4)
  Snorg (Lair:6)
  15 ettins
  A crystal guardian (Vaults:4)
  13 death oozes
  15 deep elf death magi
  22 yaktaur captains
  7 fire dragons
  A blizzard demon (Hell)
  The ghost of nublet the Zephyrmancer, a journeyman CeAE of Vehumet (D:13)
  9 deep elf high priests
  31 vault guards
  Josephine (Lair:5)
  2 mummy priests (Depths:2)
  6 merfolk impalers
  16 great orbs of eyes
  5 rakshasas
  5 hydras
  4 quicksilver dragon skeletons
  14 entropy weavers
  4 spriggan air magi
  A hell beast (Depths:4)
  6 ice dragons
  14 ogre magi
  The ghost of Scytalen the Grappler, a novice TrCK of Xom (D:10)
  5 death knights
  A catoblepas (Shoals:2)
  6 merfolk avatars
  9 centaur warriors
  An alligator snapping turtle (Shoals:3)
  7 merfolk aquamancers
  3 satyrs (Shoals:4)
  8 deep troll earth magi
  A queen ant (Lair:4)
  11 dancing weapons
  5 tengu warriors
  4 deep troll shamans
  9 death yaks
  2 hell hogs (Geh:3)
  2 vampire magi
  A spriggan berserker (Depths:4)
  3 small abominations (Vaults:5)
  10 sun demons
  3 soul eaters (Hell)
  Sonja (Lair:2)
  2 titan skeletons
  9 deep elf knights
  38 hell knights
  A shadow wraith (Vaults:4)
  2 iron golems (Depths:1)
  2 iron trolls (Hell)
  3 salamander mystics
  10 wizards
  A fire crab (Vaults:4)
  3 wandering mushrooms
  An infernal demonspawn (Depths:4)
  8 skeletal warriors
  An unseen horror (shapeshifter) (Vaults:2)
  8 flayed ghosts
  5 unseen horrors
  A storm dragon skeleton (Depths:1)
  9 sea snakes
  A sea snake (shapeshifter) (Vaults:1)
  5 giant orange brains
  10 orc knights
  6 hill giants
  A lindwurm (Lair:8)
  14 necromancers
  21 deep trolls
  14 ironbrand convokers
  7 anaconda skeletons
  An anubis guard (shapeshifter) (Vaults:4)
  A golden dragon skeleton (Geh:7)
  Pikel (D:8)
  A putrid demonspawn (Depths:4)
  27 harpies
  2 phantasmal warriors
  16 fauns
  18 deep elf archers
  63 ugly things
  52 deep elf magi
  21 orb spiders
  17 griffons
  A hornet (shapeshifter) (Vaults:2)
  14 orc sorcerers
  4 water nymphs (Shoals:4)
  12 cyclopes
  11 hornets
  9 manticores
  27 wolf spiders
  7 shadow dragon skeletons
  2 elephants (shapeshifter)
  2 iron dragon skeletons
  4 shining eyes
  12 salamanders
  13 elephants
  3 moths of wrath
  A siren (Shoals:4)
  8 black mambas
  3 stone giant skeletons
  10 frost giant skeletons
  An eye of devastation (shapeshifter) (Vaults:3)
  3 ice statues (IceCv)
  9 vault sentinels
  3 eyes of devastation
  2 rust devils (Hell)
  4 fire giant skeletons
  16 spiny frogs
  3 torpor snails
  6 komodo dragons
  An orange demon (Depths:4)
  2 smoke demons (Geh:7)
  8 molten gargoyles
  7 hellions
  A yaktaur zombie (Vaults:5)
  9 efreet
  A hellwing (Depths:4)
  3 tormentors
  12 demonic crawlers
  A kobold demonologist (Vaults:2)
  A golden dragon simulacrum (Depths:1)
  16 red devils
  5 guardian mummies (Depths:2)
  2 ice devils (Hell)
  A fire drake (Lair:6)
  52 yaktaurs
  A spriggan druid (Lair:8)
  A catoblepas skeleton (Hell)
  A human skeleton (Vaults:5)
  2 fire drakes (shapeshifter)
  A komodo dragon (shapeshifter) (Depths:3)
  3 freezing wraiths
  26 merfolk
  A troll (shapeshifter) (Vaults:4)
  6 tengu conjurers
  8 trolls
  A queen bee (shapeshifter) (D:15)
  31 jumping spiders
  13 polar bears
  A polar bear (shapeshifter) (Vaults:5)
  A wind drake (Shoals:1)
  6 boulder beetles
  2 blink frogs (shapeshifter)
  2 hydra skeletons (Hell)
  A sphinx simulacrum (Vaults:3)
  12 two-headed ogres
  5 snapping turtles
  85 slime creatures
  17 blink frogs
  Sigmund (D:3)
  6 ettin skeletons
  3 fire dragon skeletons
  3 ice dragon skeletons
  125 redbacks
  A deep troll skeleton (Hell)
  21 flying skulls
  6 air elementals
  37 tarantellas
  70 yaks
  2 spriggans (shapeshifter)
  24 water elementals
  2 alligator skeletons (Hell)
  6 shadows
  A human (shapeshifter) (Depths:5)
  12 spriggans
  2 wyverns
  A black mamba skeleton (Geh:3)
  16 wraiths
  3 hungry ghosts
  12 fire elementals
  A fire bat (shapeshifter) (Vaults:5)
  9 hippogriffs
  A hog (Shoals:2)
  4 fire bats (Geh:2)
  15 golden eyes
  3 basilisks
  A golden eye (shapeshifter) (Depths:4)
  A human (Shoals:2)
  22 vampire mosquitoes
  2 human simulacra (Vaults:3)
  A basilisk (shapeshifter) (Depths:1)
  19 soldier ants
  2 mottled dragons
  18 wolves
  7 wargs
  16 water moccasins
  12 porcupines
  A slave (D:8)
  17 hell hounds
  A swamp drake (shapeshifter) (Depths:4)
  3 spiny frog skeletons
  A black bear (shapeshifter) (D:15)
  12 ice beasts
  3 sky beasts
  An ice dragon simulacrum (Hell)
  37 orc warriors
  An eye of draining (shapeshifter) (D:11)
  6 black bears
  14 wasps
  A spriggan simulacrum (Depths:1)
  A phantom (D:14)
  4 eyes of draining
  30 ogres
  9 boggarts
  An ettin simulacrum (Depths:1)
  3 snapping turtle skeletons
  An elf skeleton (Vaults:5)
  A swamp dragon skeleton (Geh:7)
  19 centaurs
  A big kobold (D:11)
  10 crocodiles
  21 giant frogs
  3 earth elementals
  11 scorpions
  Dowan (D:7)
  10 killer bees
  A troll skeleton (Geh:2)
  8 electric eels
  9 wights
  13 crimson imps
  39 jellies
  6 hounds
  11 orc priests
  Crazy Yiuf (D:5)
  4 giant frog skeletons
  7 centaur skeletons
  A gnoll shaman (D:8)
  4 iron imps
  33 orc wizards
  6 iguanas
  25 worker ants
  6 hell rats (Lair:2)
  25 sheep
  A tengu zombie (Geh:5)
  A naga skeleton (Hell)
  2 ogre skeletons
  2 mummies (Depths:2)
  10 adders
  3 gnolls (D:8)
  54 river rats
  5 shadow imps
  3 white imps
  2 ufetubi (Depths:4)
  9 oozes
  An ooze (shapeshifter) (Vaults:5)
  3 adder skeletons
  3 worms (D:2)
  5 giant geckos
  112 orcs
  5 bats
  5 giant cockroaches
  11 goblins
  8 hobgoblins
  11 jackals
  A quokka (D:10)
  A giant gecko skeleton (D:8)
  A giant gecko zombie (D:5)
  4 giant newts
  A jackal skeleton (D:5)
  11 kobolds
  An orc skeleton (Geh:1)
  3 quokka skeletons
  4 rats (D:2)
  11 ballistomycetes
  3 crawling corpses
  5 fire vortices
  A fungus (Elf:3)
  24 giant spores
  A hyperactive ballistomycete (Depths:2)
  6 lost souls (Hell)
  4 toadstools
2764 creatures vanquished.

Vanquished Creatures (collateral kills)
  Mara (Vaults:3)
  A Brimstone Fiend (Geh:7)
  A tengu reaver (Vaults:5)
  A vault warden (Vaults:5)
  An iron dragon (Hell)
  A ghost moth (Spider:4)
  A balrug (Geh:7)
  2 spriggan defenders (Depths:2)
  A reaper (Geh:1)
  A deep elf demonologist (Elf:2)
  An ettin (Orc:1)
  A mummy priest (Depths:2)
  A death ooze (Slime:6)
  A great orb of eyes (Depths:4)
  2 vault guards
  An ice dragon (Depths:4)
  A yaktaur captain (Depths:5)
  2 hydras
  2 ogre magi
  5 dancing weapons
  4 satyrs
  A tengu warrior (Depths:4)
  2 death yaks
  The ghost of Duffy the Unseen, a journeyman SpEn of Ashenzari (IceCv)
  2 hell knights
  A storm dragon skeleton (Hell)
  A deep troll (Vaults:4)
  A hill giant (D:8)
  An ironbrand convoker (Vaults:5)
  A faun (Shoals:4)
  2 deep elf magi
  2 necromancers
  A griffon (Shoals:2)
  An orc knight (Orc:2)
  A salamander (Geh:4)
  2 shining eyes
  An ugly thing (Depths:3)
  A naga mage (Depths:3)
  A black mamba (Lair:2)
  A smoke demon (Hell)
  A hellion (Geh:7)
  A gargoyle (D:11)
  A demonic crawler (Spider:4)
  A komodo dragon (Lair:1)
  7 yaktaurs
  A tormentor (Geh:3)
  A troll (Orc:1)
  2 merfolk (Shoals:4)
  3 jumping spiders
  3 red devils
  A polar bear (Lair:1)
  A hydra skeleton (Geh:7)
  3 blink frogs
  4 slime creatures
  3 tarantellas
  A shadow (Geh:1)
  9 redbacks
  12 yaks
  3 fire elementals
  A hungry ghost (D:15)
  3 vampire mosquitoes (D:13)
  A warg (Orc:2)
  2 water moccasins
  2 soldier ants (Lair:4)
  3 hell hounds
  A porcupine (Lair:1)
  A slave (D:8)
  Duvessa (D:7)
  8 orc warriors
  A wasp (Lair:8)
  4 ice beasts
  A phantom (D:9)
  4 ogres
  4 crocodiles
  2 giant frogs
  An earth elemental (Elf:3)
  A scorpion (D:9)
  2 killer bees (D:11)
  3 wights
  An iron imp (Hell)
  An orc priest (D:7)
  A jelly (Slime:1)
  6 orc wizards
  2 worker ants (Lair:4)
  4 river rats
  An ooze (D:4)
  10 orcs
  2 giant cockroaches
  A jackal (D:1)
  A kobold (D:11)
  A goblin (D:3)
  A ballistomycete (Vaults:5)
  A fungus (Vaults:5)
  30 giant spores
  2 hyperactive ballistomycetes (Vaults:5)
  A lost soul (Hell)
  A toadstool (Depths:4)
227 creatures vanquished.

Vanquished Creatures (others)
  An ancient lich (Depths:1)
  Nikola (Shoals:2)
  Asterion (Spider:1)
  2 eldritch tentacles
  A fire giant (Geh:7)
  An ironheart preserver (Vaults:5)
  A salamander stormcaller (Geh:3)
  A deep elf high priest (Vaults:5)
  A vault guard (Vaults:5)
  A kraken zombie (Hell)
  A dancing weapon (Vaults:5)
  A deep elf knight (Elf:3)
  A salamander mystic (Geh:4)
  2 spark wasp zombies (Hell)
  An unseen horror (Vaults:1)
  2 harpies
  2 deep elf magi
  2 wolf spider zombies
  A salamander (Geh:4)
  3 oklob plants
  An orc sorcerer (Orc:2)
  2 ugly things
  A dire elephant skeleton (Geh:3)
  A red devil (Geh:3)
  A troll (D:14)
  A merfolk (Shoals:4)
  2 redbacks
  2 ettin skeletons
  A water elemental (Shoals:4)
  A human (Shoals:2)
  2 hell hounds (Geh:7)
  A slave (D:8)
  3 necrophages
  A centaur (D:6)
  2 ogres
  A snapping turtle skeleton (Geh:7)
  A spriggan zombie (Geh:7)
  4 wights (Geh:3)
  A crimson imp (D:8)
  A giant frog zombie (D:8)
  An orc priest (Vaults:5)
  4 orc wizards
  A killer bee zombie (D:8)
  66 wandering mushrooms
  4 orcs
  A jackal (D:1)
  A quokka (D:15)
  A kobold zombie (Geh:1)
  108 ballistomycetes
  2 bushes (Depths:1)
  220 eldritch tentacle segments
  2 fire vortices
  26 fungi
  36 giant spores
  4 hyperactive ballistomycetes
  3 lost souls (Hell)
  44 plants
  1977 toadstools
  5 withered plants (D:15)
2563 creatures vanquished.

Grand Total: 5554 creatures vanquished

Notes
Turn   | Place    | Note
--------------------------------------------------------------
     0 | D:1      | M4edhros the Octopode Artificer began the quest for the Orb.
     0 | D:1      | Reached XP level 1. HP: 13/13 MP: 3/3
    67 | D:1      | Reached XP level 2. HP: 9/18 MP: 4/4
   543 | D:2      | Reached XP level 3. HP: 5/23 MP: 5/5
  1306 | D:3      | Reached skill level 4 in Stealth
  1502 | D:4      | Noticed a scorpion
  1854 | D:4      | Gained mutation: Your magical capacity is low (-10% MP). [potion of mutation]
  1854 | D:4      | Gained mutation: Your spells are a little harder to cast, but a little more powerful. [potion of mutation]
  1854 | D:4      | Gained mutation: Scrolls take you a little longer to read. [potion of mutation]
  1855 | D:4      | Gained mutation: You evolve. [potion of beneficial mutation]
  1856 | D:4      | Gained mutation: You are partially covered in molten scales (AC +1). [potion of beneficial mutation]
  1863 | D:4      | Reached XP level 4. HP: 15/28 MP: 6/6
  1905 | D:4      | Reached XP level 5. HP: 15/33 MP: 7/7
  2084 | D:4      | Reached skill level 5 in Stealth
  2288 | D:4      | Reached XP level 6. HP: 17/38 MP: 8/8
  2291 | D:4      | Reached skill level 6 in Stealth
  2917 | D:4      | Gained mutation: Your muscles are strong. (Str +2) [potion of mutation]
  2917 | D:4      | Gained mutation: You are partially covered in yellow scales (AC +2). [potion of mutation]
  3348 | D:5      | Entered Level 5 of the Dungeon
  3458 | D:5      | Noticed Crazy Yiuf
  3463 | D:5      | Killed Crazy Yiuf
  3463 | D:5      | Reached skill level 7 in Stealth
  3526 | D:5      | Reached skill level 5 in Evocations
  3591 | D:5      | Reached XP level 7. HP: 41/43 MP: 9/9
  3708 | D:5      | Found a staircase to the Ecumenical Temple.
  3764 | Temple   | Entered the Ecumenical Temple
  3982 | Temple   | Became a worshipper of Fedhas Madash
  4317 | D:1      | Reached skill level 8 in Stealth
  4813 | D:2      | Reached * piety under Fedhas
  5077 | D:3      | Noticed Sigmund
  5119 | D:3      | Killed Sigmund
  5119 | D:3      | Reached skill level 1 in Invocations
  5278 | D:5      | Found Soatuog's General Store.
  5293 | D:5      | Bought a scroll of enchant weapon for 82 gold pieces
  5382 | D:5      | Reached XP level 8. HP: 42/48 MP: 10/10
  5485 | D:5      | Found a bloodstained altar of Trog.
  5726 | D:5      | Reached skill level 9 in Stealth
  5908 | D:6      | Found Enaett's Food Emporium.
  6078 | D:6      | Noticed a hill giant
  6098 | D:6      | Killed a hill giant
  6116 | D:6      | Reached skill level 10 in Stealth
  6335 | D:6      | Found an opulent altar of Gozag.
  6353 | D:6      | Reached skill level 5 in Dodging
  6359 | D:6      | Reached ** piety under Fedhas
  6539 | D:7      | Noticed Duvessa
  6539 | D:7      | Noticed Dowan
  6571 | D:7      | Killed Dowan
  6571 | D:7      | Reached XP level 9. HP: 53/53 MP: 12/12
  6594 | D:7      | Killed Duvessa
  6702 | D:7      | Found a shimmering altar of Xom.
  6746 | D:7      | Reached skill level 5 in Invocations
  6789 | D:7      | Found a radiant altar of Vehumet.
  6805 | D:7      | Found a white marble altar of Elyvilon.
  6808 | D:7      | Found a sparkling altar of Nemelex Xobeh.
  6894 | D:7      | Identified a scroll of acquirement
  6897 | D:7      | Identified a +6 rod of clouds (11/11) (You acquired it on level 7 of the Dungeon)
  6953 | D:7      | Noticed nublet's ghost (novice TrEE)
  7307 | D:7      | Found a deep blue altar of Sif Muna.
  7358 | D:7      | Found Idycasm's Weapon Shop.
  7406 | D:7      | Found an ancient bone altar of Kikubaaqudgha.
  7502 | D:8      | Found a bloodstained altar of Trog.
  7633 | D:8      | Noticed Pikel
  7647 | D:8      | Killed Pikel
  7647 | D:8      | Reached skill level 11 in Stealth
  7648 | D:8      | Reached *** piety under Fedhas
  7823 | D:8      | Noticed a hill giant
  7837 | D:8      | Killed a hill giant
  7837 | D:8      | Reached skill level 5 in Shields
  7837 | D:8      | Reached XP level 10. HP: 35/58 MP: 13/13
  7890 | D:8      | Learned a level 2 spell: Swiftness
  8770 | D:9      | Reached skill level 12 in Stealth
  8871 | D:9      | Lost mutation: Your magical capacity is low (-10% MP). [mutagenic meat]
  8872 | D:9      | Gained mutation: You are resistant to hostile enchantments. [mutagenic meat]
  8873 | D:9      | Gained mutation: You have a beak for a mouth. [mutagenic meat]
  8874 | D:9      | Gained mutation: Your flesh is cold resistant. [mutagenic meat]
  8880 | D:9      | Reached **** piety under Fedhas
  9183 | D:10     | Entered Level 10 of the Dungeon
  9188 | D:10     | Noticed Scytalen's ghost (novice TrCK)
  9355 | D:10     | Killed Scytalen's ghost
  9742 | D:10     | Reached XP level 11. HP: 63/63 MP: 17/17
  9762 | D:10     | Found Nanof's Armour Shop.
  9765 | D:10     | Bought a +0 large shield of protection for 126 gold pieces
  9792 | D:10     | Found a staircase to the Lair.
  9895 | D:10     | Found a staircase to the Orcish Mines.
 10374 | Orc:1    | Entered Level 1 of the Orcish Mines
 10913 | D:11     | Noticed a hill giant
 10974 | D:11     | Killed a hill giant
 11116 | D:11     | Lost mutation: Scrolls take you a little longer to read. [mutagenic meat]
 11374 | D:11     | Reached skill level 10 in Evocations
 11512 | D:12     | Reached ***** piety under Fedhas
 11639 | D:12     | Noticed a manticore
 11647 | D:12     | Killed a manticore
 11662 | D:12     | Noticed a purple ugly thing
 11669 | D:12     | Killed a purple ugly thing
 11711 | D:12     | Noticed an unseen horror
 11716 | D:12     | Killed an unseen horror
 11772 | D:12     | Noticed Frances
 11790 | D:12     | Killed Frances
 11790 | D:12     | Reached skill level 13 in Stealth
 11790 | D:12     | Reached XP level 12. HP: 62/68 MP: 18/20
 11808 | D:12     | Noticed a four-headed hydra
 12310 | D:13     | Noticed nublet's ghost (journeyman CeAE)
 12420 | D:13     | Noticed a centaur warrior
 12572 | D:13     | Killed a centaur warrior
 12692 | D:13     | Killed nublet's ghost
 12734 | D:13     | Learned a level 6 spell: Deflect Missiles
 12782 | D:13     | Noticed a vault guard
 12782 | D:13     | Noticed a vault guard
 12835 | D:13     | Killed a vault guard
 12848 | D:13     | Killed a vault guard
 12903 | D:13     | Noticed a vault guard
 12903 | D:13     | Noticed a vault guard
 12903 | D:13     | Noticed a vault guard
 12910 | D:13     | Noticed an ogre mage
 12913 | D:13     | Killed a four-headed hydra
 12924 | D:13     | Killed a vault guard
 12924 | D:13     | Reached XP level 13. HP: 32/76 MP: 22/22
 12958 | D:13     | Reached skill level 14 in Stealth
 12969 | D:13     | Killed a vault guard
 12969 | D:13     | Reached skill level 10 in Shields
 12983 | D:13     | Killed a vault guard
 13192 | D:13     | Found a gate to the Vaults.
 13739 | Orc:1    | Noticed an ettin
 13746 | Orc:1    | Killed an ettin
 13815 | Orc:1    | Noticed an ettin
 13998 | Orc:1    | Killed an ettin
 14017 | Orc:1    | Lost mutation: Your muscles are strong. (Str +2) [evolution]
 14165 | Orc:1    | Found a roughly hewn altar of Beogh.
 14166 | Orc:1    | Found Toiqos's Food Boutique.
 14314 | Orc:2    | Entered Level 2 of the Orcish Mines
 14314 | Orc:2    | Noticed an orc warlord
 14345 | Orc:2    | Killed an orc warlord
 14658 | Orc:2    | Found a staircase to the Elven Halls.
 15040 | Orc:2    | Found Magyc's Magic Scroll Shoppe.
 15138 | Orc:2    | Found an ancient bone altar of Kikubaaqudgha.
 15143 | Orc:2    | Found Reaveckenk's Distillery.
 15191 | Orc:2    | Noticed an ogre mage
 15198 | Orc:2    | Killed an ogre mage
 15228 | Orc:2    | Noticed an ogre mage
 15294 | Orc:2    | Killed an ogre mage
 15371 | Orc:2    | Found a roughly hewn altar of Beogh.
 15371 | Orc:2    | Found Siath's Book Shoppe.
 15371 | Orc:2    | Found Ycin's Antique Armour Emporium.
 15477 | Orc:2    | Found a radiant altar of Vehumet.
 15538 | Orc:2    | Bought a glowing hat for 96 gold pieces
 15578 | Orc:2    | Gained mutation: Your natural rate of healing is unusually fast. [evolution]
 16264 | Lair:1   | Entered Level 1 of the Lair of Beasts
 16449 | Lair:1   | Noticed Gastronok
 16475 | Lair:1   | Killed Gastronok
 16475 | Lair:1   | Reached XP level 14. HP: 45/86 MP: 22/24
 16778 | Lair:1   | Reached skill level 5 in Fighting
 17047 | Lair:1   | You fall through a shaft!
 17554 | Lair:1   | Reached skill level 10 in Dodging
 17584 | Lair:1   | Got a crude eveningstar
 17586 | Lair:1   | Identified the +7 eveningstar of Hahyukho {flame, rC+} (You found it on level 1 of the Lair of Beasts)
 18126 | Lair:2   | Reached skill level 15 in Stealth
 18306 | Lair:2   | Noticed Sonja
 18318 | Lair:2   | Killed Sonja
 18829 | Lair:2   | Reached skill level 1 in Maces & Flails
 19223 | Lair:3   | Got a coiled jade ring
 19225 | Lair:3   | Identified the ring "Rehez" {Fire +Fly Int+2} (You found it on level 3 of the Lair of Beasts)
 19394 | Lair:3   | Got an iridescent short sword
 19396 | Lair:3   | Identified the +6 short sword "Feweq" {freeze, *Contam +Inv rC+ rN+} (You found it on level 3 of the Lair of Beasts)
 19843 | Lair:4   | Reached ****** piety under Fedhas
 20392 | Lair:5   | Reached skill level 1 in Spellcasting
 20458 | Lair:5   | Found a frozen archway.
 20495 | IceCv    | Entered an ice cave
 20500 | IceCv    | Noticed Duffy's ghost (journeyman SpEn)
 20533 | IceCv    | Killed Duffy's ghost
 20556 | IceCv    | Identified Issohidy's Collected Works on the Harmful Frostbite
 21066 | Lair:5   | Noticed Josephine
 21072 | Lair:5   | Killed Josephine
 21084 | Lair:5   | Reached XP level 15. HP: 95/95 MP: 25/25
 21106 | Lair:5   | Noticed Nessos
 21204 | Lair:5   | Killed Nessos
 21553 | Lair:5   | Lost mutation: Your spells are a little harder to cast, but a little more powerful. [evolution]
 21696 | Lair:5   | Found a staircase to the Shoals.
 21755 | Lair:5   | Gained mutation: Your system is resistant to poisons. [potion of mutation]
 21755 | Lair:5   | Lost mutation: You are partially covered in yellow scales (AC +2). [potion of mutation]
 21870 | Lair:6   | Noticed Snorg
 21884 | Lair:6   | Killed Snorg
 21933 | Lair:6   | Reached skill level 5 in Maces & Flails
 23455 | Lair:7   | Reached skill level 5 in Spellcasting
 23481 | Lair:7   | Found a staircase to the Slime Pits.
 23638 | Lair:8   | Entered Level 8 of the Lair of Beasts
 24206 | Lair:8   | Got a crude war axe {antimagic}
 24745 | Lair:8   | Reached XP level 16. HP: 93/105 MP: 26/26
 25197 | Lair:4   | Found a hole to the Spider Nest.
 25203 | Lair:4   | Reached skill level 1 in Charms
 25338 | Spider:1 | Entered Level 1 of the Spider Nest
 25537 | Spider:1 | Noticed Asterion
 25572 | Spider:1 | Killed Asterion
 25604 | Spider:1 | Reached skill level 1 in Air Magic
 25978 | Spider:1 | Noticed Azrael
 26009 | Spider:1 | Killed Azrael
 26310 | Spider:1 | Identified the +6 war axe of Yrhaji {antimagic, rF- Str+3} (You took it off a spriggan druid on level 8 of the Lair of Beasts)
 26329 | Spider:1 | Learned a level 6 spell: Haste
 26337 | Spider:1 | Learned a level 5 spell: Silence
 27823 | Spider:2 | Gained mutation: Your mind is acute. (Int +2) [evolution]
 28471 | Spider:3 | Reached XP level 17. HP: 113/113 MP: 28/28
 28806 | Spider:3 | Gained mutation: You are frail (-10% HP). [mutagenic meat]
 28808 | Spider:3 | Gained mutation: You occasionally shout uncontrollably at your foes. [mutagenic meat]
 28810 | Spider:3 | Gained mutation: Your flesh is very cold resistant. [mutagenic meat]
 29640 | Spider:3 | Reached skill level 5 in Charms
 29866 | Spider:4 | Entered Level 4 of the Spider Nest
 29970 | Spider:4 | Reached skill level 15 in Shields
 30354 | Spider:4 | Reached skill level 5 in Air Magic
 30831 | Spider:4 | Lost mutation: You occasionally shout uncontrollably at your foes. [mutagenic meat]
 31000 | Spider:4 | Lost mutation: You are frail (-10% HP). [evolution]
 31198 | Spider:4 | Reached skill level 10 in Fighting
 31285 | Spider:4 | Reached skill level 16 in Stealth
 31432 | Spider:4 | Gained mutation: Your magical capacity is low (-10% MP). [mutagenic meat]
 31479 | Spider:4 | Cast into level 3 of the Abyss (the power of Zot)
 31517 | Spider:4 | Escaped the Abyss
 31566 | Spider:4 | Got a gossamer rune of Zot
 31925 | Orc:2    | Bought a book of Air for 490 gold pieces
 31928 | Orc:2    | Learned a level 2 spell: Repel Missiles
 32175 | Lair:5   | Learned a level 3 spell: Regeneration
 32180 | Lair:5   | Learned a level 4 spell: Summon Lightning Spire
 32517 | Elf:1    | Entered Level 1 of the Elven Halls
 32533 | Elf:1    | Reached skill level 1 in Hexes
 32541 | Elf:1    | Reached skill level 1 in Necromancy
 32576 | Elf:1    | Reached XP level 18. HP: 59/120 MP: 27/27
 32596 | Elf:1    | Reached skill level 1 in Summonings
 33000 | Elf:1    | Noticed a Brimstone Fiend
 33176 | Elf:1    | Found Otysiqawn's Antique Armour Emporium.
 33356 | Elf:1    | Noticed a Shadow Fiend
 33588 | Elf:2    | Noticed a Hell Sentinel
 33639 | Elf:2    | Found a runed gate.
 33665 | Elf:2    | Found a runed gate.
 33667 | Elf:2    | Found a runed gate.
 33721 | Elf:2    | Identified Ts'ui Pên's Incunabulum of Forking Paths
 33761 | Elf:2    | Identified the Grimoire of Sand
 33768 | Elf:2    | Learned a level 3 spell: Conjure Flame
 33793 | Elf:2    | Identified the Tome of Plaster Cramp
 34012 | Elf:2    | Found Fedy's Antique Weapon Shoppe.
 34127 | Elf:3    | Entered Level 3 of the Elven Halls
 34329 | Elf:3    | Noticed a deep elf master archer
 34465 | Elf:3    | Noticed a deep elf blademaster
 34466 | Elf:3    | Killed a deep elf master archer
 34476 | Elf:3    | Killed a deep elf blademaster
 34481 | Elf:3    | Noticed a deep elf blademaster
 34499 | Elf:3    | Reached XP level 19. HP: 77/126 MP: 7/29
 34660 | Elf:3    | Got a vibrating amethyst amulet
 34760 | Elf:3    | Learned a level 6 spell: Statue Form
 34782 | Elf:3    | Identified the amulet of the Amoeba {rC+ Regen+ Dex+3 Slay+3} (You took it off a deep elf death mage on level 3 of the Elven Halls)
 34818 | Elf:3    | Got a steaming steel ring
 34826 | Elf:3    | Identified the ring "Fiug" {*Confuse rC+ Int+6 SInv} (You found it on level 3 of the Elven Halls)
 34830 | Elf:3    | Got a slimy steel ring
 34831 | Elf:3    | Identified the ring "Vest" {rElec Str+2} (You found it on level 3 of the Elven Halls)
 34932 | Elf:3    | Reached skill level 1 in Slings
 35230 | Elf:3    | Noticed M4edhros's ghost (adept OpAr)
 35569 | Elf:3    | Killed M4edhros's ghost
 35648 | Elf:3    | Reached skill level 1 in Earth Magic
 35788 | Elf:3    | Reached skill level 1 in Transmutations
 35825 | Elf:3    | Reached skill level 17 in Shields
 35827 | Elf:3    | Gained mutation: You are highly resistant to hostile enchantments. [evolution]
 35827 | Elf:3    | Lost mutation: You evolve. [end of evolution]
 36135 | Shoals:1 | Entered Level 1 of the Shoals
 36283 | Shoals:1 | Got a warped shield
 36311 | Shoals:1 | Identified the +1 shield "Feaskaf" {*Corrode rElec MP+9 Str+5} (You found it on level 1 of the Shoals)
 36710 | Shoals:1 | Reached skill level 5 in Slings
 37111 | Shoals:2 | Noticed Polyphemus
 37138 | Shoals:2 | Noticed Kirke
 37140 | Shoals:2 | Killed Polyphemus
 37182 | Shoals:2 | Killed Kirke
 37335 | Shoals:2 | Noticed Roxanne
 37368 | Shoals:2 | Noticed Nikola
 37396 | Shoals:2 | Killed Nikola
 37396 | Shoals:2 | Reached skill level 10 in Spellcasting
 38313 | Shoals:3 | Reached XP level 20. HP: 132/132 MP: 30/30
 38557 | Shoals:4 | Entered Level 4 of the Shoals
 38602 | Shoals:4 | Reached skill level 5 in Earth Magic
 38706 | Shoals:4 | Reached skill level 5 in Transmutations
 39309 | Shoals:4 | Noticed Ilsuiw
 39332 | Shoals:4 | Killed Ilsuiw
 39371 | Shoals:4 | Got a barnacled rune of Zot
 39920 | D:6      | Bought 2 fruits for 42 gold pieces
 39920 | D:6      | Bought a fruit for 21 gold pieces
 39920 | D:6      | Bought 5 fruits for 105 gold pieces
 40659 | Orc:2    | Bought a scroll of brand weapon for 200 gold pieces
 41213 | D:15     | Entered Level 15 of the Dungeon
 41338 | D:15     | Lost mutation: Your natural rate of healing is unusually fast. [mutagenic meat]
 41348 | D:15     | Lost mutation: Your flesh is very cold resistant. [mutagenic meat]
 41498 | D:15     | Gained mutation: You can translocate small distances at will. [potion of mutation]
 41498 | D:15     | Lost mutation: Your system is resistant to poisons. [potion of mutation]
 41498 | D:15     | Gained mutation: You occasionally shout uncontrollably at your foes. [potion of mutation]
 41738 | D:15     | Found a white marble altar of Elyvilon.
 41815 | D:15     | Gained mutation: You are clumsy. (Dex -2) [mutagenic meat]
 41817 | D:15     | Lost mutation: Your mind is acute. (Int +2) [mutagenic meat]
 41979 | D:15     | Found a staircase to the Depths.
 42008 | D:15     | Reached skill level 10 in Slings
 42279 | Depths:1 | Entered Level 1 of the Depths
 42387 | Depths:1 | HP: 4/132 [deep troll (7)]
 42968 | Depths:1 | Found a gateway to Hell.
 43043 | Depths:1 | Reached skill level 18 in Shields
 43128 | Depths:1 | Reached XP level 21. HP: 88/137 MP: 32/32
 43610 | Depths:2 | Gained mutation: Your flesh is heat resistant. [mutagenic meat]
 43693 | Depths:2 | Noticed the Enchantress
 43809 | Depths:2 | Lost mutation: You are highly resistant to hostile enchantments. [mutagenic meat]
 43846 | Depths:2 | Killed the Enchantress
 44005 | Depths:2 | Reached skill level 10 in Charms
 44296 | Depths:2 | Found a one-way gate to the infinite horrors of the Abyss.
 44297 | Depths:2 | Noticed Louise
 44312 | Depths:2 | Killed Louise
 44559 | Depths:2 | Noticed Norris
 44564 | Depths:2 | Got a warped scimitar
 44565 | Depths:2 | Identified the +4 scimitar of Uriuloug {slice, Int+4 Stlth+} (You found it on level 2 of the Depths)
 44657 | Depths:2 | Paralysed by a sphinx for 2 turns
 44698 | Depths:2 | Killed Norris
 44726 | Depths:2 | Lost mutation: You can translocate small distances at will. [mutagenic meat]
 44727 | Depths:2 | Gained mutation: You are surrounded by a mild repulsion field (EV +2). [mutagenic meat]
 44728 | Depths:2 | Gained mutation: You passively map a small area around you. [mutagenic meat]
 44743 | Depths:2 | Gained mutation: One of your tentacles bears a spike. [mutagenic meat]
 44765 | Depths:2 | Lost mutation: You are partially covered in molten scales (AC +1). [mutagenic meat]
 44766 | Depths:2 | Lost mutation: You passively map a small area around you. [mutagenic meat]
 44767 | Depths:2 | Gained mutation: Scrolls take you a little longer to read. [mutagenic meat]
 44768 | Depths:2 | Noticed Aizul
 44788 | Depths:2 | Killed Aizul
 44916 | Depths:2 | Noticed a greater mummy
 45237 | Depths:2 | Killed a greater mummy
 45346 | Depths:3 | Found a gateway to a ziggurat.
 45396 | Depths:3 | Reached XP level 22. HP: 143/143 MP: 33/33
 45495 | Depths:3 | Found a deep blue altar of Sif Muna.
 45556 | Depths:3 | Identified the Disquisition on Flight (You found it on level 3 of the Depths)
 45559 | Depths:3 | Identified the Handbook of Execration and Boosts
 45567 | Depths:3 | Learned a level 3 spell: Mephitic Cloud
 45570 | Depths:3 | Learned a level 2 spell: Blink
 45581 | Depths:3 | Identified Buvite's Papyrus of Rubbish
 45584 | Depths:3 | Identified the Reference Book on Moulding
 45589 | Depths:3 | Learned a level 2 spell: Stoneskin
 45875 | Depths:3 | Found a one-way gate leading to the halls of Pandemonium.
 45989 | Depths:3 | Found a corrupted altar of Lugonu.
 46106 | Depths:3 | Gained mutation: You are somewhat resistant to further mutation. [mutagenic meat]
 46752 | Depths:4 | Reached skill level 10 in Transmutations
 46752 | Depths:4 | Paralysed by a great orb of eyes for 5 turns
 46758 | Depths:4 | Paralysed by a great orb of eyes for 3 turns
 46760 | Depths:4 | HP: 6/143 [ogre/giant club[an ogre mage] (9)]
 46760 | Depths:4 | HP: 2/143 [ogre mage/enchanted spear (4)]
 46889 | Depths:4 | Got a twitching steel ring
 46892 | Depths:4 | Identified the ring of Fax Fyaj {SustAt Int+2 Slay+3} (You found it on level 4 of the Depths)
 47089 | Depths:4 | Noticed a golden dragon
 47105 | Depths:4 | Killed a golden dragon
 47105 | Depths:4 | Reached skill level 10 in Earth Magic
 47163 | Depths:4 | Noticed a caustic shrike
 47247 | Depths:4 | Reached skill level 19 in Shields
 47253 | Depths:4 | Killed a caustic shrike
 47282 | Depths:4 | Paralysed by a giant eyeball for 4 turns
 47427 | Depths:4 | Got a steaming shield
 47438 | Depths:4 | Identified the +0 shield "Ubie" {rN++ Str+2} (You acquired it on level 4 of the Depths)
 47517 | Depths:4 | Noticed a golden dragon
 47530 | Depths:4 | Killed a golden dragon
 47570 | Depths:4 | Identified Kogogy's Almanac of Battle Magic and the Arsonist
 47710 | Depths:5 | Entered Level 5 of the Depths
 47736 | Depths:5 | Reached XP level 23. HP: 105/148 MP: 32/35
 48107 | Depths:5 | Found a gate to the Realm of Zot.
 48341 | Depths:5 | Noticed Xtahua
 48355 | Depths:5 | Killed Xtahua
 48367 | Depths:5 | Found Tinuivowk's Tempting Trifles.
 48408 | Depths:5 | Got a transparent iron amulet
 48411 | Depths:5 | Identified the amulet "Reteiva Vefy" {*Confuse +Rage +Fly rElec MR+++} (You acquired it on level 5 of the Depths)
 48418 | Depths:5 | Lost mutation: You are clumsy. (Dex -2) [potion of cure mutation]
 48418 | Depths:5 | Lost mutation: You are resistant to hostile enchantments. [potion of cure mutation]
 48418 | Depths:5 | Lost mutation: Scrolls take you a little longer to read. [potion of cure mutation]
 48418 | Depths:5 | Lost mutation: One of your tentacles bears a spike. [potion of cure mutation]
 48418 | Depths:5 | Lost mutation: Your magical capacity is low (-10% MP). [potion of cure mutation]
 48721 | Vaults:1 | Entered Level 1 of the Vaults
 49121 | Vaults:1 | Gained mutation: Your system is resistant to poisons. [mutagenic meat]
 49517 | Vaults:1 | Gained mutation: You are agile. (Dex +2) [mutagenic meat]
 49686 | Vaults:1 | Found Yzanwof's Food Shoppe.
 49694 | Vaults:1 | Bought 2 fruits for 42 gold pieces
 50154 | Vaults:2 | Found Vaisid's Assorted Antiques.
 50155 | Vaults:2 | Found Dijuatos's Food Boutique.
 50177 | Vaults:2 | Bought 3 fruits for 58 gold pieces
 50177 | Vaults:2 | Bought 5 fruits for 97 gold pieces
 50453 | Vaults:2 | Found a staircase to the Crypt.
 50557 | Vaults:2 | Found Xiwehyob's Distillery.
 50568 | Vaults:2 | Reached XP level 24. HP: 154/154 MP: 40/40
 50579 | Vaults:2 | Bought a potion of heal wounds for 105 gold pieces
 50579 | Vaults:2 | Bought a potion of heal wounds for 105 gold pieces
 50586 | Vaults:2 | Bought a potion of might for 84 gold pieces
 50586 | Vaults:2 | Bought a potion of might for 84 gold pieces
 50735 | Vaults:2 | Reached skill level 20 in Shields
 51150 | Vaults:2 | Found Kowoe's Assorted Antiques.
 51696 | Vaults:3 | Noticed Margery
 51708 | Vaults:3 | Killed Margery
 51915 | Vaults:3 | Lost mutation: You are somewhat resistant to further mutation. [mutagenic meat]
 51916 | Vaults:3 | Lost mutation: Your system is resistant to poisons. [mutagenic meat]
 51917 | Vaults:3 | Gained mutation: You are weak. (Str -2) [mutagenic meat]
 51919 | Vaults:3 | Gained mutation: You are frail (-10% HP). [mutagenic meat]
 52206 | Vaults:3 | Noticed Saint Roka
 52232 | Vaults:3 | Killed Saint Roka
 52243 | Vaults:3 | Gained mutation: You have supernaturally acute eyesight. [potion of mutation]
 52243 | Vaults:3 | Lost mutation: You are frail (-10% HP). [potion of mutation]
 52462 | Vaults:3 | Noticed Mara
 52481 | Vaults:3 | Noticed M4edhros's illusion
 52487 | Vaults:3 | Killed Mara
 52720 | Vaults:4 | Gained mutation: Your spells are a little easier to cast, but a little less powerful. [mutagenic meat]
 52722 | Vaults:4 | Gained mutation: You are resistant to hostile enchantments. [mutagenic meat]
 52724 | Vaults:4 | Gained mutation: You are highly resistant to hostile enchantments. [mutagenic meat]
 52725 | Vaults:4 | Gained mutation: Your mind is acute. (Int +2) [mutagenic meat]
 52727 | Vaults:4 | Lost mutation: Your spells are a little easier to cast, but a little less powerful. [mutagenic meat]
 53441 | Vaults:4 | Lost mutation: You occasionally shout uncontrollably at your foes. [mutagenic meat]
 53442 | Vaults:4 | Gained mutation: Your magical capacity is low (-10% MP). [mutagenic meat]
 53444 | Vaults:4 | Lost mutation: You are agile. (Dex +2) [mutagenic meat]
 53446 | Vaults:4 | Gained mutation: One of your tentacles bears a spike. [mutagenic meat]
 53459 | Vaults:4 | Identified the Grimoire of Darkness
 53826 | Vaults:5 | Entered Level 5 of the Vaults
 53839 | Vaults:5 | Reached XP level 25. HP: 159/159 MP: 10/37
 53947 | Vaults:5 | Reached skill level 15 in Spellcasting
 53948 | Vaults:5 | Noticed Wiglaf
 53970 | Vaults:5 | Killed Wiglaf
 53974 | Vaults:5 | Reached skill level 10 in Air Magic
 53994 | Vaults:5 | Reached skill level 15 in Slings
 54001 | Vaults:5 | Reached skill level 21 in Shields
 54109 | Vaults:5 | Noticed an ancient lich
 54116 | Vaults:5 | Noticed Vojta's ghost (veteran SpGl)
 54150 | Vaults:5 | Noticed Sojobo
 54162 | Vaults:5 | Killed Sojobo
 54180 | Vaults:5 | Noticed Jory
 54271 | Vaults:5 | Got a sparkling brass ring
 54274 | Vaults:5 | Identified the ring of Qeadual {rC+ Int+5 SInv Stlth-} (You took it off a vault guard on level 5 of the Vaults)
 54375 | Vaults:5 | Killed an ancient lich
 54486 | Vaults:5 | Killed Jory
 54486 | Vaults:5 | Reached skill level 15 in Earth Magic
 54503 | Vaults:5 | Reached XP level 26. HP: 165/165 MP: 28/38
 54796 | Vaults:5 | Identified a +9 rod of the swarm (12/12) (You found it on level 5 of the Vaults)
 54856 | Vaults:5 | Killed Vojta's ghost
 54867 | Vaults:5 | Identified the Catalogue of Hexes (You found it on level 5 of the Vaults)
 54874 | Vaults:5 | Identified the Guide on Creation
 55334 | Vaults:5 | Found Cugirrea's Gadget Shop.
 55345 | Vaults:5 | Bought a wand of heal wounds (5/9) for 1080 gold pieces
 55677 | Vaults:5 | Got a silver rune of Zot
 55749 | Vaults:5 | Learned a level 6 spell: Iron Shot
 55880 | Vaults:1 | Upgraded the game from 0.18-a0-1225-g5d63bca to 0.18-a0-1229-ge9a1a01
 55880 | Vaults:1 | Upgraded the game from 0.18-a0-1229-ge9a1a01 to 0.18-a0-1243-g9e52518
 56116 | Slime:1  | Entered Level 1 of the Pits of Slime
 56139 | Slime:1  | Gained mutation: You are very weak. (Str -4) [a shining eye]
 56247 | Slime:1  | Reached skill level 1 in Conjurations
 56260 | Slime:1  | Gained mutation: Your system is resistant to poisons. [a shining eye]
 57245 | Slime:4  | Gained mutation: You are occasionally teleported next to monsters. [a shining eye]
 57430 | Slime:6  | Entered Level 6 of the Pits of Slime
 57606 | Slime:6  | HP: 7/217 [acid (6)]
 57812 | Slime:6  | Reached skill level 10 in Invocations
 57823 | Slime:6  | Noticed the Royal Jelly
 57830 | Slime:6  | Killed the Royal Jelly
 57840 | Slime:6  | Reached skill level 10 in Maces & Flails
 58484 | Lair:4   | Lost mutation: You have supernaturally acute eyesight. [potion of cure mutation]
 58484 | Lair:4   | Lost mutation: You are very weak. (Str -4) [potion of cure mutation]
 58484 | Lair:4   | Lost mutation: Your mind is acute. (Int +2) [potion of cure mutation]
 58484 | Lair:4   | Lost mutation: One of your tentacles bears a spike. [potion of cure mutation]
 59759 | Slime:6  | Identified a +9 rod of ignition (11/11) (You found it on level 6 of the Pits of Slime)
 59763 | Slime:6  | Got a twisted large shield
 59764 | Slime:6  | Identified the +9 large shield of Oviwiv {rElec Dex+3 Slay+3} (You found it on level 6 of the Pits of Slime)
 59824 | Slime:6  | Learned a level 5 spell: Aura of Abjuration
 59917 | Slime:6  | Got a slimy rune of Zot
 59919 | Slime:6  | Got an ancient hunting sling
 59920 | Slime:6  | Identified the +5 hunting sling of Dim Light {flame, +Blink rF+} (You found it on level 6 of the Pits of Slime)
 59934 | Slime:6  | Got a scorched quarterstaff
 59935 | Slime:6  | Identified the +7 quarterstaff "Rogienat" {pain, Fragile rC+ Int+4} (You found it on level 6 of the Pits of Slime)
 60306 | D:15     | Gained mutation: You are very weak. (Str -4) [mutagenic meat]
 60307 | D:15     | Lost mutation: Your flesh is cold resistant. [mutagenic meat]
 60309 | D:15     | Gained mutation: You are partially covered in molten scales (AC +1). [mutagenic meat]
 60311 | D:15     | Gained mutation: You are clumsy. (Dex -2) [mutagenic meat]
 60313 | D:15     | Lost mutation: Your magical capacity is low (-10% MP). [mutagenic meat]
 60384 | Hell     | Entered the Vestibule of Hell
 60417 | Hell     | Found a gateway to the freezing wastes of Cocytus.
 60509 | Hell     | Noticed Geryon
 60546 | Hell     | Reached XP level 27. HP: 110/172 MP: 15/43
 60559 | Hell     | Noticed Murray
 60562 | Hell     | Noticed an ancient lich
 60879 | Depths:1 | Killed an ancient lich
 61126 | Hell     | Killed Geryon
 61126 | Hell     | Reached skill level 15 in Evocations
 61158 | Hell     | Killed Murray
 61185 | Hell     | Found a gateway to the Iron City of Dis.
 61392 | Hell     | Found a gateway to the ashen valley of Gehenna.
 61478 | Hell     | Found a gateway to the decaying netherworld of Tartarus.
 61560 | Geh:1    | Entered Level 1 of Gehenna
 61584 | Geh:1    | Reached skill level 5 in Conjurations
 62409 | Geh:5    | Reached skill level 15 in Invocations
 62562 | Geh:7    | Entered Level 7 of Gehenna
 63221 | Geh:7    | Noticed Asmodeus
 63229 | Geh:7    | Gained mutation: Your spells are a little easier to cast, but a little less powerful. [mutagenic glow]
 63264 | Geh:7    | HP: 14/339 [balrug/divine providence[Asmodeus] (12)]
 63279 | Geh:7    | HP: 2/174 [magical explosion (28)]
 63279 | Geh:7    | Splashed with acid

Vault maps used:
D:1:      dpeg_arrival_rooms_b, grunt_decor_mini_mirrors, minmay_misc_feat_chi
D:3:      uniq_sigmund
D:4:      first_bread
D:5:      temple_hall, serial_shops, shop_fountains, trog_book,
          uniq_crazy_yiuf_cottage
D:6:      nicolae_gozag_seed_capital, serial_shops, nicolae_shop_statue_plus,
          minmay_divided_ellipse
D:7:      minmay_flawed_box, led_sif_pool, nicolae_overflow_hidden_temple,
          overflow_temple_1_default, grunt_temple_overflow_diamond,
          serial_shops, kennysheep_little_box, uniq_duvessa
D:8:      lemuel_coloured_pillars_altar, dk_noncrumbling_4, uniq_pikel
D:10:     david_lair_generic, orc_0_dummy, serial_shops,
          nicolae_shop_behind_doors
D:12:     uniq_frances
D:13:     grunt_vaults_entry_fortified
D:14:     kennysheep_crisscross
D:15:     gammafunk_depths_entry_grave, elyvilon_altar_4
Temple:   chambers_temple_12
Lair:1:   gammafunk_lair_bear_cave, guppyfry_lair_drakes, uniq_gastronok
Lair:2:   infiniplex_staircase_pool, uniq_sonja
Lair:3:   grunt_megastairs_4, serial_bayou_shore_b
Lair:4:   spider_nest_entry_funnel_web, serial_bayou_pond_d, minivault_29,
          grunt_megastairs_2
Lair:5:   minmay_shoals_entry_beasts, portal_ice_cave_entry_ice_beasts,
          minivault_19, beast_lair_carwin_1, grunt_megastairs_1, uniq_nessos,
          uniq_josephine
Lair:6:   uniq_snorg
Lair:7:   minmay_lair_oklob_items, minmay_slime_entry_oklob_enclosed,
          beast_lair_carwin_6
Lair:8:   minmay_lair_end_enchanted_forest, bh_autumn_forest_stairs
Shoals:1: ldierk_geyser, st_cyclops
Shoals:2: uniq_kirke, uniq_nikola, uniq_roxanne, uniq_polyphemus
Shoals:3: nicolae_shoals_so_close
Shoals:4: shoals_end_grunt_garden, shoals_ilsuiw_ice
Spider:1: nicolae_spider_shape, uniq_azrael, uniq_asterion
Spider:2: spiders_nest_scorpion_pit, spiders_nest_wasp_nest,
          hangedman_spider_tarantella_strand
Spider:4: spider_rune_water, spider_trap
Slime:1:  cheibrodos_slime_lost_civilization_7
Orc:1:    basic_altar, serial_shops, shop, lightli_orcish_oven
Orc:2:    kennysheep_orc_mage_school
Elf:1:    eino_elf_arrival_shootout, serial_shops, shop, hangedman_elf_represent
Elf:2:    serial_shops, shop, bh_hangedman_babel_library
Elf:3:    minmay_elf_hall_quartered_circle
Vaults:1: v_misc_4, vaults_standard_mumra_enter_the_diamond, st_lattice,
          serial_shops, shop
Vaults:2: vaults_room_fancy_cross, vaults_mumra_chevron, grunt_vaults_focal,
          minmay_crypt_entry_simple_corners, vaults_room_boxed,
          ontoclasm_vaults_ring_small, v_alt_pattern_2, vaults_dpeg_spiral,
          v_alt_pattern_3, ontoclasm_vaults_shuriken, nicolae_vaults_theta,
          v_misc_9, ontoclasm_vaults_chip, nicolae_vaults_little_ls,
          serial_shops, shop, shop, nicolae_shop_scaring_up_business, shop
Vaults:3: nicolae_vaults_ninety_degrees, vaults_mumra_minichess_inversion,
          vaults_room_door_hall, v_alt_pattern_4, serial_ice_b, v_misc_18,
          grunt_vaults_hallway_short, vaults_standard_mumra_enter_the_diamond,
          nicolae_vaults_murderbox, vaults_room_fours, v_alt_pattern_1,
          uniq_margery, uniq_mara, uniq_saint_roka
Vaults:4: nicolae_vaults_stairing_the_circle, v_misc_2,
          nicolae_vaults_ring_of_whatevers, vaults_room_door_hall,
          v_alt_pattern_4, ontoclasm_vaults_echo, v_misc_26,
          grunt_vaults_bifocal, nicolae_vaults_yaktaur_gun_rack,
          nicolae_vaults_windows_and_doors_thing
Vaults:5: serial_shops, uniq_jory, uniq_sojobo, uniq_wiglaf
Depths:1: hell_entry, minmay_hedge_maze, minivault_10, minivault_16,
          kennysheep_generic_room_4, serial_bayou_shore_b, grunt_megastairs_3,
          infiniplex_staircase_pool_lava
Depths:2: ragdoll_tomb_raider, dk_noncrumbling_3,
          nicolae_abyss_entry_one_way_or_another, special_room, hell_entry,
          grunt_ministairs_9, kennysheep_generic_room_7, uniq_aizul,
          uniq_enchantress, uniq_norris
Depths:3: evilmike_library_of_no_secrets, enter_ziggurat_e, pan_entry,
          grunt_decor_one_mirror, abyss_entry_flame_altar,
          pf_hell_entry_great_geh
Depths:4: kennysheep_four_of_diamonds, grunt_pan_entry_spiral, abyss_entry,
          hell_entry, hangedman_decor_lopped
Depths:5: grunt_x_marks_the_spot, hell_entry, nicolae_alphabet_shops,
          uniq_xtahua
Geh:2:    lemuel_flamethrower_2
Geh:4:    lemuel_elevator
Geh:7:    geh_hangedman
Abyss:3:  hangedman_decor_peaks_small, minivault_1, minivault_11,
          grunt_abyss_rune_the_horror
IceCv:    ice_cave_statue_garden_02

Action                   |  1- 3 |  4- 6 |  7- 9 | 10-12 | 13-15 | 16-18 | 19-21 | 22-24 | 25-27 || total
-------------------------+-------+-------+-------+-------+-------+-------+-------+-------+-------++-------
Melee: Short sword       |    81 |    56 |       |   370 |    80 |       |       |       |       ||   587
       Quarterstaff      |       |     8 |    65 |       |       |       |       |       |       ||    73
       Dagger            |       |       |   150 |     9 |       |       |       |       |       ||   159
       Trident           |       |       |       |       |   298 |       |       |       |       ||   298
       Rod               |       |       |       |       |     2 |       |       |       |       ||     2
       Eveningstar       |       |       |       |       |   686 |  1014 |  1127 |  1053 |  1602 ||  5482
 Fire: Hunting sling     |       |       |       |     4 |   100 |       |       |       |       ||   104
       Greatsling        |       |       |       |       |       |       |    74 |   341 |   231 ||   646
 Cast: Repel Missiles    |       |       |       |       |       |     3 |     4 |     3 |       ||    10
       Regeneration      |       |       |       |       |       |     9 |    39 |    27 |    70 ||   145
       Summon Lightning  |       |       |       |       |       |       |    13 |    23 |    25 ||    61
       Haste             |       |       |       |       |       |       |     2 |    11 |    34 ||    47
       Statue Form       |       |       |       |       |       |       |       |    31 |    53 ||    84
       Stoneskin         |       |       |       |       |       |       |       |    26 |     8 ||    34
       Blink             |       |       |       |       |       |       |       |     5 |     2 ||     7
       Deflect Missiles  |       |       |       |       |       |       |       |     5 |     8 ||    13
       Mephitic Cloud    |       |       |       |       |       |       |       |     1 |       ||     1
       Silence           |       |       |       |       |       |       |       |     1 |       ||     1
       Aura of Abjuratio |       |       |       |       |       |       |       |       |     5 ||     5
       Iron Shot         |       |       |       |       |       |       |       |       |     3 ||     3
       Swiftness         |       |       |       |       |       |       |       |       |     1 ||     1
Invok: Evolution         |       |       |     4 |     7 |    26 |    31 |     8 |       |    10 ||    86
       Sunlight          |       |       |       |     2 |     1 |    12 |     3 |       |     3 ||    21
       Rain              |       |       |       |       |     6 |     2 |       |     5 |    13 ||    26
       Reproduction      |       |       |       |       |     3 |    10 |    13 |     2 |    12 ||    40
 Abil: Blink             |       |       |       |       |       |       |     1 |       |       ||     1
Evoke: Wand              |     8 |    11 |    13 |     5 |     8 |     3 |    11 |     5 |    10 ||    74
       Rod               |       |       |       |    31 |    55 |    52 |    61 |    44 |    35 ||   278
       Fan of gales      |       |       |       |       |     2 |     1 |     3 |     1 |     4 ||    11
       Lamp of fire      |       |       |       |       |       |     1 |     5 |     1 |     3 ||    10
       Box of beasts     |       |       |       |       |       |       |     3 |       |     9 ||    12
       Phial of floods   |       |       |       |       |       |       |       |     2 |     5 ||     7
       Disc of storms    |       |       |       |       |       |       |       |       |    34 ||    34
       Staff of energy   |       |       |       |       |       |       |       |       |    18 ||    18
       Horn of Geryon    |       |       |       |       |       |       |       |       |     2 ||     2
       Stone of tremors  |       |       |       |       |       |       |       |       |     1 ||     1
  Use: Potion            |     5 |     4 |     2 |     3 |     4 |    11 |    16 |     4 |    17 ||    66
       Scroll            |       |       |    11 |     7 |    16 |    15 |    17 |    18 |    18 ||   102
 Stab: Sleeping          |     8 |     6 |    24 |    25 |    47 |    35 |    32 |    21 |    14 ||   212
       Confused          |       |     1 |       |     6 |     8 |    19 |     8 |       |     1 ||    43
       Distracted        |       |     1 |     1 |     3 |     2 |     5 |    13 |     3 |    21 ||    49
       Petrifying        |       |       |       |       |       |       |     2 |       |       ||     2
       Petrified         |       |       |       |       |       |       |     1 |       |       ||     1
  Eat: Chunk             |     3 |     4 |     2 |    12 |    14 |    21 |    49 |    77 |    14 ||   196
       Beef jerky        |       |       |     3 |     1 |       |       |     2 |     4 |       ||    10
       Meat ration       |       |       |     2 |     3 |    10 |     9 |     5 |     3 |     1 ||    33
       Pizza             |       |       |       |     4 |       |     2 |     2 |       |       ||     8
       Royal jelly       |       |       |       |     1 |     1 |       |     1 |       |       ||     3
       Bread ration      |       |       |       |       |       |     1 |     2 |     1 |    14 ||    18
